 Dungeon Crawl Stone Soup version 0.22.1-1-ga44c0e5 (webtiles) character file.

6096 Xerlanti the Thaumaturge (level 10, -6/63 HPs)
             Began as a Vampire Enchanter on Oct 4, 2018.
             Was an Elder of Dithmenos.
             Mangled by a blink frog (13 damage)
             ... on level 2 of the Lair of Beasts.
             The game lasted 00:34:40 (11629 turns).

Xerlanti the Thaumaturge (Vampire Enchanter)       Turns: 11629, Time: 00:34:41

Health: -6/63      AC:  8    Str:  7    XL:     10   Next: 58%
Magic:  3/23       EV: 20    Int: 20    God:    Dithmenos [****..]
Gold:   651        SH:  0    Dex: 16    Spells: 22/27 levels left

rFire    . . .     SeeInvis +   l - +4 dagger
rCold    . . .     Gourm    .   (no shield)
rNeg     + . .     Faith    .   b - +0 robe
rPois    .         Spirit   .   k - +1 helmet
rElec    .         Reflect  .   E - +0 cloak
rCorr    .         Harm     .   (no gloves)
MR       +....                  o - +2 pair of boots
Stlth    +++++++...             (no amulet)
HPRegen  0.20/turn              p - ring of stealth
MPRegen  0.18/turn              y - +2 ring of evasion

@: wreathed by umbra
A: fangs 3, see invisible, unbreathing
a: Bat Form, Shadow Step, Renounce Religion


You were on level 2 of the Lair of Beasts.
You worshipped Dithmenos.
Dithmenos was greatly pleased with you.
You were not thirsty.

You visited 3 branches of the dungeon, and saw 11 of its levels.

You collected 651 gold pieces.

Inventory:

Hand Weapons
 a - a +0 rapier
 l - a +4 dagger (weapon)
 L - the +12 falchion of Oqoklovo {holy, +Fly rC++ Str-3 Int+4}
   (You found it on level 1 of the Lair of Beasts)

   It has been blessed by the Shining One to cause great damage to the undead
   and demons.
   It affects your strength (-3).
   It affects your intelligence (+4).
   It greatly protects you from cold.
   It lets you fly.
Missiles
 w - 483 stones (quivered)
Armour
 b - a +0 robe (worn)
 k - a +1 helmet (worn)
 o - a +2 pair of boots (worn)
 E - a +0 cloak (worn)
 H - a cursed +0 buckler
Jewellery
 p - a ring of stealth (left hand)
 u - an uncursed amulet of harm
 x - an uncursed ring of flight
 y - a +2 ring of evasion (right hand)
 B - an uncursed ring of resist corrosion
 I - a +4 ring of protection {unknown}
Wands
 j - a wand of flame (9)
 C - a wand of enslavement (15)
 F - a wand of random effects (19)
 N - a wand of paralysis (8)
Scrolls
 c - a scroll of immolation {unknown}
 e - 9 scrolls of identify
 f - 3 scrolls of enchant armour
 i - 5 scrolls of teleportation
 m - 2 scrolls of amnesia
 s - 2 scrolls of acquirement {unknown}
 t - 8 scrolls of remove curse
 v - a scroll of magic mapping
 z - a scroll of noise {unknown}
 D - a scroll of torment {unknown}
 K - a scroll of fear {unknown}
Potions
 d - 20 potions of blood
 g - a potion of heal wounds {unknown}
 h - 2 potions of degeneration {unknown}
 n - 3 potions of curing
 q - a potion of ambrosia
 r - a potion of might {unknown}
 A - 2 potions of brilliance {unknown}
 G - a potion of agility {unknown}
 J - a potion of berserk rage {unknown}
 M - a potion of flight {unknown}


   Skills:
 - Level 8.9 Short Blades
 * Level 8.4 Dodging
 - Level 8.9 Stealth
 * Level 9.2 Spellcasting
 - Level 6.0 Hexes
 - Level 2.6 Ice Magic


You had 22 spell levels left.
You knew the following spells:

 Your Spells              Type           Power        Failure   Level  Hunger
b - Ensorcelled Hibernat  Hex/Ice        ####..       1%          2    None
c - Confuse               Hex            ####....     1%          3    None

Your spell library contained the following spells:

 Spells                   Type           Power        Failure   Level  Hunger
 Corona                   Hex            ####...      1%          1    None
 Tukima's Dance           Hex            ####....     1%          3    None
 Dazzling Spray           Conj/Hex       ###...       6%          3    None
 Beastly Appendage        Tmut           #.....       8%          1    None
 Sticks to Snakes         Tmut           #.......     12%         2    None
 Spider Form              Tmut/Pois      #.........   22%         3    None
 Ice Form                 Ice/Tmut       ##......     41%         4    ###....
 Blade Hands              Tmut           #.........   91%         5    #####..


Dungeon Overview and Level Annotations

Branches:
Dungeon (8/15)             Temple (1/1) D:4            Lair (2/6) D:8
  Swamp: Lair:2-4    Shoals: Lair:2-4     Snake: Lair:2-4    Spider: Lair:2-4

Altars:
Ashenzari
Cheibriados
Dithmenos
Elyvilon
Fedhas
Gozag
Hepliaklqana
Kikubaaqudgha
Makhleb
Nemelex Xobeh
Okawaru
Qazlal
Ru
Sif Muna
Trog
Uskayaw
Vehumet
Wu Jian
Xom
Yredelemnul
Zin
The Shining One

Shops:
D:7 (

Annotations:
Lair:2 Nergalle


Innate Abilities, Weirdness & Mutations

You have razor-sharp teeth.
You have supernaturally acute eyesight. (SInv)
You can survive without breathing.


Message History

The helpless blink frog fails to defend itself.
You skewer the blink frog like a kebab!!!!
You kill the blink frog!
Dithmenos accepts your kill. The bullfrog hits you.
The blink frog closely misses you.
The blink frog blinks!
Casting: Ensorcelled Hibernation (safe; 1% risk of failure)
Confirm with . or Enter, or press ? or * to list all spells.
Aiming: Ensorcelled Hibernation (safe; 1% risk of failure)
Press: ? - help, Shift-Dir - straight line, f - bullfrog
Aim: a bullfrog (umbra, chance to defeat MR: 55%)
The bullfrog looks drowsy...
The blink frog hits you!
* * * LOW HITPOINT WARNING * * *
The helpless bullfrog fails to defend itself.
You spit the bullfrog like a pig!!!!
You kill the bullfrog!
Dithmenos accepts your kill. The blink frog barely misses you.
The blink frog completely misses you.
The blink frog blinks!
The blink frog hits you!
You die...

.......###..Z......?...
##.##........###P..
#.###.......# ##.. #F
##...........# #.. ....
##...##.......# ##.
....##.#...#......## #.
P##..............## ##
........F.......##
##.###§P@.#.#.P##
#.#....##### ###....#
##..## #.)..## ### ####
#.#....####.###.P##
####..............#
##.#.####.##.^.# #.###
#####.##


You could see 2 blink frogs.

Vanquished Creatures
  A two-headed ogre (D:8)
  A black mamba (Lair:1)
  2 komodo dragons (Lair:2)
  A hornet (D:8)
  2 blink frogs (Lair:2)
  A hippogriff (D:7)
  A wyvern (D:8)
  Eustachio (D:6)
  2 water moccasins
  3 porcupines
  An orc warrior (D:8)
  3 ice beasts
  4 sky beasts
  3 phantoms
  4 ogres
  A centaur (D:7)
  4 big kobolds (D:4)
  7 bullfrogs
  2 howler monkeys (D:6)
  A crimson imp (D:8)
  3 orc priests
  4 jellies
  A bullfrog skeleton (D:8)
  2 hounds
  3 orc wizards
  Crazy Yiuf (D:7)
  An iguana (D:8)
  A killer bee zombie (D:7)
  2 hound zombies
  12 gnolls (D:4)
  9 adders
  2 shadow imps
  3 oozes
  An adder zombie (D:5)
  4 dart slugs
  5 leopard geckos
  23 orcs
  2 ball pythons
  A giant cockroach (D:3)
  35 goblins
  27 hobgoblins
  7 kobolds
  7 quokkas
  7 bats
  2 frilled lizards (D:3)
  A leopard gecko zombie (D:6)
  A quokka skeleton (D:7)
212 creatures vanquished.

Vanquished Creatures (others)
  A fungus (D:8)
1 creature vanquished.

Grand Total: 213 creatures vanquished

Notes
Turn   | Place    | Note
-------+----------+-------------------------------------------
     0 | D:1      | Xerlanti the Vampire Enchanter began the quest for the Orb.
     0 | D:1      | Reached XP level 1. HP: 13/13 MP: 3/3
   276 | D:1      | Reached XP level 2. HP: 19/19 MP: 5/5
  1019 | D:1      | Learned a level 2 spell: Ensorcelled Hibernation
  1411 | D:2      | Reached skill level 5 in Stealth
  1554 | D:2      | Reached XP level 3. HP: 24/24 MP: 3/6
  1727 | D:2      | Found an opulent altar of Gozag.
  2311 | D:3      | Reached XP level 4. HP: 30/30 MP: 2/8
  2497 | D:3      | Reached XP level 5. HP: 35/35 MP: 6/9
  2550 | D:3      | Found a hide-covered altar of Uskayaw.
  2629 | D:3      | Reached skill level 3 in Spellcasting
  3230 | D:3      | Found a snail-covered altar of Cheibriados.
  3311 | D:4      | Noticed an ogre
  3369 | D:4      | Found a staircase to the Ecumenical Temple.
  3377 | Temple   | Entered the Ecumenical Temple
  4002 | Temple   | Became a worshipper of Dithmenos the Shadowed
  4102 | D:4      | Killed an ogre
  4140 | D:4      | Reached XP level 6. HP: 24/41 MP: 2/10
  4633 | D:4      | Found a basalt altar of Yredelemnul.
  4828 | D:4      | Reached skill level 5 in Short Blades
  5166 | D:4      | Reached * piety under Dithmenos
  5770 | D:4      | Reached ** piety under Dithmenos
  6080 | D:4      | Reached XP level 7. HP: 30/46 MP: 2/12
  6107 | D:4      | Reached skill level 4 in Spellcasting
  6693 | D:4      | Found an iron altar of Okawaru.
  6761 | D:4      | Learned a level 3 spell: Confuse
  6961 | D:5      | Entered Level 5 of the Dungeon
  7206 | D:5      | Found a stormy altar of Qazlal.
  7325 | D:5      | Reached XP level 8. HP: 20/52 MP: 7/14
  8033 | D:6      | Noticed Eustachio
  8197 | D:6      | Reached *** piety under Dithmenos
  8197 | D:6      | Reached skill level 5 in Spellcasting
  8215 | D:6      | Killed Eustachio
  8215 | D:6      | Reached skill level 1 in Ice Magic
  8277 | D:6      | Reached skill level 5 in Hexes
  8586 | D:6      | Found a bloodstained altar of Trog.
  9269 | D:7      | Found a hazy altar of Hepliaklqana.
  9457 | D:7      | Noticed a hippogriff
  9464 | D:7      | Killed a hippogriff
  9464 | D:7      | Reached XP level 9. HP: 57/57 MP: 17/17
  9474 | D:7      | Reached skill level 6 in Spellcasting
  9483 | D:7      | Found a sparkling altar of Nemelex Xobeh.
  9539 | D:7      | Found Itattuk's Antique Weapon Shoppe.
  9680 | D:7      | Found a runed door.
  9684 | D:7      | Noticed Crazy Yiuf
  9688 | D:7      | Killed Crazy Yiuf
  9893 | D:8      | Noticed a two-headed ogre
  9896 | D:8      | Killed a two-headed ogre
  9896 | D:8      | Reached skill level 7 in Spellcasting
  9993 | D:8      | Reached skill level 5 in Dodging
 10255 | D:8      | Reached skill level 8 in Spellcasting
 10260 | D:8      | Reached XP level 10. HP: 63/63 MP: 20/22
 10262 | D:8      | Found a staircase to the Lair.
 10308 | D:8      | Reached **** piety under Dithmenos
 10376 | D:8      | Found a bloodstained altar of Trog.
 10579 | Lair:1   | Entered Level 1 of the Lair of Beasts
 10855 | Lair:1   | Noticed a black mamba
 10865 | Lair:1   | Killed a black mamba
 11081 | Lair:1   | Got a steaming falchion
 11082 | Lair:1   | Identified the +12 falchion of Oqoklovo {holy, +Fly rC++
                  | Str-3 Int+4} (You found it on level 1 of the Lair of
                  | Beasts)
 11472 | Lair:2   | Reached skill level 9 in Spellcasting
 11495 | Lair:2   | Noticed Nergalle
 11629 | Lair:2   | Mangled by a blink frog

Skill      XL: |  1  2  3  4  5  6  7  8  9 10 |
---------------+-------------------------------+-----
Short Blades   | 2 3 4 5 7 8 |  8.9
Stealth        | 5 6 7 8 |  8.9
Spellcasting   | 3 4 5 8 9 |  9.2
Ice Magic      | 2 |  2.6
Hexes          | 5 6 |  6.0
Dodging        | 6 8 |  8.4

Action                   |  1- 3 |  4- 6 |  7- 9 | 10-12 || total
-------------------------+-------+-------+-------+-------++-------
Melee: Dagger            |    69 |   247 |   259 |    41 ||   616
       Bite              |     2 |    18 |    18 |     1 ||    39
Throw: Stone             |       |     4 |       |       ||     4
 Cast: Ensorcelled Hiber |    11 |    61 |    29 |    23 ||   124
       Confuse           |       |       |    10 |       ||    10
  Use: Potion            |     5 |    23 |    14 |       ||    42
       Scroll            |     1 |     1 |    12 |     1 ||    15
 Stab: Sleeping          |    17 |    40 |    42 |    18 ||   117
       Distracted        |       |     1 |       |       ||     1
       Confused          |       |       |     4 |       ||     4
Armor: Robe              |    21 |    60 |    38 |     3 ||   122
Dodge: Dodged            |    42 |   157 |   149 |    57 ||   405
